 Dungeon Crawl Stone Soup version 0.16-a0-3943-gb4b81e6 (webtiles) character file.

28 timbw the Insei (level 3, 0/20 HPs)
             Began as a Tengu Transmuter on Feb 7, 2015.
             Succumbed to poison (a potion of poison)
             ... on level 5 of the Dungeon on Feb 8, 2015.
             The game lasted 00:03:52 (1348 turns).

timbw the Insei (Tengu Transmuter)                  Turns: 1348, Time: 00:03:52

Health: 0/20       AC:  3    Str: 10    XL:     3   Next: 14%
Magic:  7/7        EV: 12    Int: 18    God:
Gold:   58         SH:  0    Dex: 15    Spells: 1 memorised, 5 levels left

rFire  . . .     SeeInvis .       - Unarmed
rCold  . . .     Clarity  .     m - +0 leather armour
rNeg   . . .     SustAb   .     (no shield)
rPois  .         Gourm    .     (helmet restricted)
rElec  .         Spirit   .     (no cloak)
rCorr  .         Warding  .     (no gloves)
rMut   .         Stasis   .     (boots unavailable)
MR     .....                    (no amulet)
Stlth  +.........               (no ring)
                                (no ring)

@: brilliant, lethally poisoned (0 -> -21), not resistant to hostile
enchantments, very unstealthy
A: beak, talons 3
a: no special abilities


You were on level 5 of the Dungeon.
You were not hungry.

You visited 1 branch of the dungeon, and saw 5 of its levels.

You collected 58 gold pieces.

Inventory:

Hand weapons
 o - a +0 blowgun
Missiles
 b - 12 arrows
 q - 5 poisoned needles
Armour
 c - a +0 robe
 m - a +0 leather armour (worn)
Scrolls
 e - a scroll of enchant weapon {unknown}
 f - a scroll of recharging {unknown}
 h - 2 scrolls of noise {unknown}
 i - a scroll of identify {unknown}
 j - 4 scrolls of teleportation {unknown}
 l - a scroll of random uselessness {unknown}
Potions
 p - a potion of cancellation {unknown}
 r - a potion of restore abilities {unknown}
Books
 d - a book of Changes

   Spells                             Type                      Level
   a - Beastly Appendage              Transmutation                1
   b - Sticks to Snakes               Transmutation                2
   c - Spider Form                    Transmutation/Poison         3
   d - Ice Form                       Ice/Transmutation            4
   e - Blade Hands                    Transmutation                5
Comestibles
 a - a bread ration
 k - 2 meat rations


   Skills:
 - Level 1.0 Fighting
 - Level 2.1 Dodging
 + Level 4.6 Unarmed Combat
 - Level 2.0 Spellcasting
 - Level 1.5 Transmutations


You had 5 spell levels left.
You knew the following spells:

 Your Spells              Type           Power        Failure   Level  Hunger
a - Beastly Appendage     Trmt           ###...       1%          1    #......


Dungeon Overview and Level Annotations

Branches:
Dungeon (5/15)
 Temple: D:4-7

Altars:


Innate Abilities, Weirdness & Mutations

You have a beak for a mouth.
You have claws for feet.


Message History

* * * LOW HITPOINT WARNING * * *
The giant frog zombie hits you.
* * * LOW HITPOINT WARNING * * *
The giant frog zombie barely misses you.
Found a yellow potion.
The giant frog zombie barely misses you.
You see here a yellow potion.
r - a yellow potion The giant frog zombie closely misses you.
The giant frog zombie hits you.
* * * LOW HITPOINT WARNING * * *
Drink which item? (? for menu, Esc to quit)
It was a potion of brilliance.
You feel clever all of a sudden.
The giant frog zombie hits you but does no damage.
Drink which item? (? for menu, Esc to quit)
It was a potion of poison.
That liquid tasted very nasty...
You are lethally poisoned!
You die...

.g
#.###.##...##..#
#.
#..g.............
#.
##.#####...##..###
## #.# ##.........
#.# #<###..### ...
#.# .# .#.
#.###..###
#.#.#####.g.......
..#.@Zg##.###..##.
#####.g.......#
#....##.####.#
#.#####.# # #.#
#.. #.# #.. ###


You could see 2 gnolls and a giant frog zombie.

Vanquished Creatures
  A gnoll (D:4)
  A worm (D:4)
  A giant gecko (D:2)
  A giant cockroach (D:4)
  A goblin (D:2)
  2 jackals (D:2)
  2 kobolds
  A ball python (D:3)
  3 giant newts (D:2)
13 creatures vanquished.

Notes
Turn   | Place    | Note
--------------------------------------------------------------
     0 | D:1      | timbw, the Tengu Transmuter, began the quest for the Orb.
     0 | D:1      | Reached XP level 1. HP: 12/12 MP: 3/3
   673 | D:2      | Reached XP level 2. HP: 9/16 MP: 5/5
   794 | D:2      | Reached skill level 4 in Unarmed Combat
   815 | D:3      | Upgraded the game from 0.16-a0-3940-gf8a207b to 0.16-a0-3943-gb4b81e6
  1090 | D:5      | Entered Level 5 of the Dungeon
  1137 | D:4      | Reached XP level 3. HP: 8/20 MP: 7/7
  1348 | D:5      | Succumbed to poison (a potion of poison)

Action                   || total
-------------------------++-------
Melee: Unarmed           ||    51
 Fire: Blowgun           ||     7
  Use: Potion            ||     2
  Eat: Chunk             ||     1
